PR
BALLARD BEAVERS @ OGALLALA OCTOPI
06/14/2038
 
TOP OF THE 1ST
Ballard Beavers batting - Pitching for Ogallala Octopi : RHP Chris Rice
Pitching: RHP Chris Rice
Batting: RHB Toshinobu Inoue 0-0: Ball
1-0: Ball
2-0: Ball
3-0: Called Strike
3-1: DOUBLE (Line Drive, 9LD, EV 100.6 MPH)
Batting: RHB Won-sub Ha 0-0: Swinging Strike
0-1: Swinging Strike
0-2: Ball
1-2: Foul Ball, location: 2F
1-2: SINGLE (Flyball, 7LM, EV 95.0 MPH)
Toshinobu Inoue to third
Runner from 3rd tries for Home, SAFE, throw by LF to home
Batting: LHB Stanley Bell 0-0: Called Strike
0-1: Ball
1-1: Foul Ball, location: 2F
1-2: Ball
2-2: Foul Ball, location: 2F
2-2: Ball
3-2: Strikes out looking
Batting: RHB Tuputahi Cani 0-0: Ball
1-0: Called Strike
1-1: Ball
2-1: Ball
3-1: Called Strike
3-2: Foul Ball, location: 2F
3-2: Base on Balls
Won-sub Ha to second
Batting: RHB Chris Leppert 0-0: Swinging Strike
0-1: Ball
1-1: Foul Ball, location: 2F
1-2: Strikes out looking
Batting: RHB Clarence Price 0-0: Foul Ball, location: 2F
0-1: Ball
1-1: Ball
2-1: Foul Ball, location: 2F
2-2: Foul Ball, location: 2F
2-2: Ball
3-2: SINGLE (Flyball, 9LS, EV 89.4 MPH)
Won-sub Ha to third
Tuputahi Cani to second
Won-sub Ha scores
Tuputahi Cani to third
Batting: RHB José Sánchez 0-0: Called Strike
0-1: Ground out 3-1 (Groundball, 34, EV 76.9 MPH)
Top of the 1st over - 2 runs, 3 hits, 0 errors, 2 left on base; Ballard 2 - Ogallala 0
BOTTOM OF THE 1ST
Ogallala Octopi batting - Pitching for Ballard Beavers : RHP Vas Atepko
Pitching: RHP Vas Atepko
Batting: RHB Paul Sanders 0-0: Reached on error, E7 (Flyball, 7, EV 85.6 MPH)
Batting: RHB León Galiano 0-0: SINGLE (Groundball, 6D, EV 98.8 MPH)
Paul Sanders to second
Batting: LHB Royce Foster 0-0: Ball
1-0: Called Strike
1-1: Swinging Strike
1-2: Foul Ball, location: 2F
1-2: Ball
2-2: Ball
3-2: Fly out, F8 (Flyball, 8RXD, EV 90.6 MPH)
Runner from 2nd tags up, SAFE at 3rd, no throw by CF
Batting: RHB Rafael Carballar 0-0: Called Strike
0-1: Foul Ball, location: 2F
0-2: SINGLE (Line Drive, 78M, EV 95.0 MPH)
Paul Sanders scores
León Galiano to second
Batting: SHB Jim Santos 0-0: Ball
1-0: Fly out, F8 (Flyball, 8LM, EV 87.5 MPH)
Batting: RHB Sergei Adjubei 0-0: Ball
1-0: Ball
2-0: Foul Ball, location: 2F
2-1: Called Strike
2-2: Foul Ball, location: 2F
2-2: SINGLE (Groundball, 4MD, EV 100.6 MPH)
León Galiano to third
Rafael Carballar to second
Runner from 3rd tries for Home, SAFE, throw by CF to home
Batting: RHB Michael Jones 0-0: Called Strike
0-1: Ball
1-1: Ball
2-1: Fly out, F9 (Flyball, 9LS, EV 88.8 MPH)
Bottom of the 1st over - 2 runs, 3 hits, 1 error, 2 left on base; Ballard 2 - Ogallala 2
TOP OF THE 2ND
Ballard Beavers batting - Pitching for Ogallala Octopi : RHP Chris Rice
Batting: SHB Joe Huff 0-0: Ball
1-0: Swinging Strike
1-1: Foul Ball, location: 2F
1-2: Ball
2-2: Fly out, F6 (Line Drive, 6, EV 74.4 MPH)
Batting: RHB Carlos Rasgado 0-0: Reached on error, E1 (Groundball, 15, EV 75.6 MPH)
Batting: RHB Toshinobu Inoue 0-0: Ball
1-0: Foul Ball, location: 2F
1-1: Ball
2-1: Swinging Strike
2-2: Ball
3-2: Strikes out swinging
Batting: RHB Won-sub Ha 0-0: Ball
1-0: Ball
2-0: Swinging Strike
2-1: Ball
3-1: SINGLE (Flyball, 89M, EV 88.8 MPH)
Carlos Rasgado to second
Batting: LHB Stanley Bell 0-0: Ball
1-0: Foul Ball, location: 2F
1-1: Foul Ball, location: 2F
1-2: Foul Ball, location: 2F
1-2: Strikes out swinging
Top of the 2nd over - 0 runs, 1 hit, 1 error, 2 left on base; Ballard 2 - Ogallala 2
BOTTOM OF THE 2ND
Ogallala Octopi batting - Pitching for Ballard Beavers : RHP Vas Atepko
Batting: RHB Effie Atsaves 0-0: Ball
1-0: Bunt for hit to 15S - play at first, batter OUT! 1-3
Batting: RHB Try Fryfogle 0-0: Called Strike
0-1: SINGLE (Groundball, 6MD, EV 101.2 MPH)
Batting: RHB Paul Sanders 0-0: Called Strike
0-1: Swinging Strike
0-2: Ball
1-2: Foul Ball, location: 2F
1-2: Foul Ball, location: 2F
1-2: Foul Ball, location: 2F
1-2: Strikes out looking
Batting: RHB León Galiano 0-0: Ball
1-0: Ball
2-0: Called Strike
2-1: Fielders Choice at 2nd, 6-4 (Groundball, 6, EV 88.8 MPH)
Bottom of the 2nd over - 0 runs, 1 hit, 0 errors, 1 left on base; Ballard 2 - Ogallala 2
TOP OF THE 3RD
Ballard Beavers batting - Pitching for Ogallala Octopi : RHP Chris Rice
Batting: RHB Tuputahi Cani 0-0: Ball
1-0: Called Strike
1-1: Ground out 2-3 (Groundball, 2R, EV 68.1 MPH)
Batting: RHB Chris Leppert 0-0: Ball
1-0: Ball
2-0: Called Strike
2-1: SINGLE (Line Drive, 78S, EV 110.6 MPH)
Batting: RHB Clarence Price 0-0: Ball
1-0: Foul Ball, location: 2F
1-1: Foul Ball, location: 2F
1-2: Ball
2-2: Ball
3-2: Foul Ball, location: 2F
3-2: Fly out, F8 (Line Drive, 8LD, EV 96.9 MPH)
Batting: RHB José Sánchez 0-0: Ball
Wild Pitch!
Chris Leppert to second
1-0: SINGLE (Line Drive, 78S, EV 97.5 MPH)
Chris Leppert to third
Runner from 3rd tries for Home, throw by LF and OUT! 7-2
Top of the 3rd over - 0 runs, 2 hits, 0 errors, 1 left on base; Ballard 2 - Ogallala 2
BOTTOM OF THE 3RD
Ogallala Octopi batting - Pitching for Ballard Beavers : RHP Vas Atepko
Batting: LHB Royce Foster 0-0: Ball
1-0: Fly out, F8 (Flyball, 8LD, EV 81.2 MPH)
Batting: RHB Rafael Carballar 0-0: Foul Ball, location: 2F
0-1: Ball
1-1: Swinging Strike
1-2: Foul Ball, location: 2F
1-2: Ball
2-2: Strikes out swinging
Batting: SHB Jim Santos 0-0: Ball
1-0: Foul Ball, location: 2F
1-1: Foul Ball, location: 2F
1-2: Strikes out looking
Bottom of the 3rd over - 0 runs, 0 hits, 0 errors, 0 left on base; Ballard 2 - Ogallala 2
TOP OF THE 4TH
Ballard Beavers batting - Pitching for Ogallala Octopi : RHP Chris Rice
Batting: SHB Joe Huff 0-0: Called Strike
0-1: Foul Ball, location: 2F
0-2: DOUBLE (Line Drive, 7LS, EV 115.0 MPH)
Batting: RHB Carlos Rasgado 0-0: Ground out 6-3 (Groundball, 6, EV 108.8 MPH)
Batting: RHB Toshinobu Inoue 0-0: Ball
1-0: Called Strike
1-1: Ball
2-1: Ball
Passed Ball!
Joe Huff to third
3-1: Base on Balls
Batting: RHB Won-sub Ha 0-0: Fly out, F9 (Flyball, 9LSF, EV 88.1 MPH)
Runner from 3rd tags up, SCORES, no throw by RF
Batting: LHB Stanley Bell 0-0: Foul Ball, location: 2F
0-1: Foul Ball, location: 2F
0-2: Strikes out swinging
Top of the 4th over - 1 run, 1 hit, 0 errors, 1 left on base; Ballard 3 - Ogallala 2
BOTTOM OF THE 4TH
Ogallala Octopi batting - Pitching for Ballard Beavers : RHP Vas Atepko
Pitching: LHP Mario Herrera
Batting: RHB Sergei Adjubei 0-0: Ball
1-0: Foul Ball, location: 2F
1-1: Foul Ball, location: 2F
1-2: TRIPLE (Line Drive, 9LD, EV 110.0 MPH)
Batting: RHB Michael Jones 0-0: Ball
1-0: Foul Ball, location: 2F
1-1: Ball
2-1: Foul Ball, location: 2F
2-2: Foul Ball, location: 2F
2-2: Strikes out swinging
Batting: RHB Effie Atsaves 0-0: Called Strike
0-1: Called Strike
0-2: Ball
1-2: Ball
2-2: Foul Ball, location: 2F
2-2: Ground out 1-3 (Groundball, 25, EV 89.4 MPH)
Batting: RHB Try Fryfogle 0-0: Ball
1-0: Ball
2-0: Ball
3-0: Called Strike
3-1: Foul Ball, location: 2F
3-2: Fly out, F7 (Flyball, 78M, EV 90.6 MPH)
Bottom of the 4th over - 0 runs, 1 hit, 0 errors, 1 left on base; Ballard 3 - Ogallala 2
TOP OF THE 5TH
Ballard Beavers batting - Pitching for Ogallala Octopi : RHP Chris Rice
Pitching: RHP Yoshinori Nakada
Batting: RHB Tuputahi Cani 0-0: Ball
1-0: Foul Ball, location: 2F
1-1: Ball
2-1: Foul Ball, location: 2F
2-2: Foul Ball, location: 2F
2-2: SINGLE (Line Drive, 78M, EV 102.5 MPH)
Batting: RHB Chris Leppert 0-0: Ball
1-0: Swinging Strike
1-1: Fly out, F7 (Flyball, 78S, EV 75.0 MPH)
Batting: RHB Clarence Price 0-0: Called Strike
0-1: Swinging Strike
0-2: Foul Ball, location: 2F
0-2: Ball
1-2: Ball
2-2: Strikes out swinging
Batting: RHB José Sánchez 0-0: Ball
1-0: Ground out 4-3 (Groundball, 34, EV 108.8 MPH)
Top of the 5th over - 0 runs, 1 hit, 0 errors, 1 left on base; Ballard 3 - Ogallala 2
BOTTOM OF THE 5TH
Ogallala Octopi batting - Pitching for Ballard Beavers : LHP Mario Herrera
Batting: RHB Paul Sanders 0-0: Ball
1-0: Called Strike
1-1: Foul Ball, location: 2F
1-2: Ball
2-2: Foul Ball, location: 2F
2-2: Strikes out swinging
Batting: RHB León Galiano 0-0: Called Strike
0-1: Called Strike
0-2: Ground out U3 (Groundball, 34, EV 78.1 MPH)
Batting: LHB Royce Foster 0-0: Ball
1-0: Foul Ball, location: 2F
1-1: Ball
2-1: Called Strike
2-2: Ball
3-2: Ground out 6-3 (Groundball, 6M, EV 84.4 MPH)
Bottom of the 5th over - 0 runs, 0 hits, 0 errors, 0 left on base; Ballard 3 - Ogallala 2
TOP OF THE 6TH
Ballard Beavers batting - Pitching for Ogallala Octopi : RHP Yoshinori Nakada
Batting: SHB Joe Huff 0-0: Ball
1-0: Called Strike
1-1: Called Strike
1-2: Strikes out swinging
Batting: RHB Carlos Rasgado 0-0: Ball
1-0: Ball
2-0: Foul Ball, location: 2F
2-1: Foul Ball, location: 2F
2-2: Foul Ball, location: 2F
2-2: Strikes out swinging
Batting: RHB Toshinobu Inoue 0-0: Ball
1-0: Ball
2-0: Called Strike
2-1: Swinging Strike
2-2: Strikes out looking
Top of the 6th over - 0 runs, 0 hits, 0 errors, 0 left on base; Ballard 3 - Ogallala 2
BOTTOM OF THE 6TH
Ogallala Octopi batting - Pitching for Ballard Beavers : LHP Mario Herrera
Batting: RHB Rafael Carballar 0-0: Called Strike
0-1: Foul Ball, location: 2F
0-2: SINGLE (Line Drive, 89S, EV 97.5 MPH)
Batting: SHB Jim Santos 0-0: Called Strike
0-1: Ball
1-1: Foul Ball, location: 2F
1-2: Strikes out swinging
Batting: RHB Sergei Adjubei 0-0: Ball
1-0: Ball
2-0: Ball
3-0: Called Strike
3-1: Fly out, F9 (Flyball, 9S, EV 90.6 MPH)
Batting: RHB Michael Jones 0-0: Ball
1-0: Ball
2-0: Called Strike
2-1: Ball
3-1: Foul Ball, location: 2F
3-2: SINGLE (Flyball, 8LS, EV 88.8 MPH)
Rafael Carballar to second
Rafael Carballar to third
Batting: RHB Effie Atsaves 0-0: Ball
1-0: Ground out 6-3 (Groundball, 6S, EV 67.5 MPH)
Bottom of the 6th over - 0 runs, 2 hits, 0 errors, 2 left on base; Ballard 3 - Ogallala 2
TOP OF THE 7TH
Ballard Beavers batting - Pitching for Ogallala Octopi : RHP Yoshinori Nakada
Batting: RHB Won-sub Ha 0-0: Called Strike
0-1: Ball
1-1: Ball
2-1: Fly out, F8 (Flyball, 8LS, EV 89.4 MPH)
Batting: LHB Stanley Bell 0-0: Ball
1-0: Swinging Strike
1-1: Ball
2-1: Foul Ball, location: 2F
2-2: Strikes out looking
Batting: RHB Tuputahi Cani 0-0: Called Strike
0-1: Ball
1-1: Called Strike
1-2: Foul Ball, location: 2F
1-2: Strikes out swinging
Top of the 7th over - 0 runs, 0 hits, 0 errors, 0 left on base; Ballard 3 - Ogallala 2
BOTTOM OF THE 7TH
Ogallala Octopi batting - Pitching for Ballard Beavers : LHP Mario Herrera
Batting: RHB Try Fryfogle 0-0: Called Strike
0-1: Ball
1-1: Swinging Strike
1-2: Fly out, F5 (Line Drive, 5, EV 73.1 MPH)
Batting: RHB Paul Sanders 0-0: Called Strike
0-1: Swinging Strike
0-2: Strikes out looking
Batting: RHB León Galiano 0-0: Ground out 5-3 (Groundball, 56, EV 88.8 MPH)
Bottom of the 7th over - 0 runs, 0 hits, 0 errors, 0 left on base; Ballard 3 - Ogallala 2
TOP OF THE 8TH
Ballard Beavers batting - Pitching for Ogallala Octopi : RHP Yoshinori Nakada
Batting: RHB Chris Leppert 0-0: Ball
1-0: Called Strike
1-1: SINGLE (Groundball, 6M, EV 108.1 MPH) (infield hit)
Batting: RHB Clarence Price 0-0: Called Strike
0-1: Ball
1-1: Bunted foul
1-2: SINGLE (Flyball, 78S, EV 96.9 MPH)
Chris Leppert to second
Pinch Runner at 2nd Phil Underwood:
Batting: RHB José Sánchez 0-0: Foul Ball, location: 2F
0-1: Swinging Strike
0-2: Grounds into double play, 6-4-3 (Groundball, 6S, EV 88.8 MPH)
Phil Underwood to third
Batting: SHB Joe Huff 0-0: Ball
1-0: Ball
2-0: Called Strike
2-1: Called Strike
2-2: Strikes out swinging
Top of the 8th over - 0 runs, 2 hits, 0 errors, 1 left on base; Ballard 3 - Ogallala 2
BOTTOM OF THE 8TH
Ogallala Octopi batting - Pitching for Ballard Beavers : LHP Mario Herrera
Now at SS: Phil Underwood
Batting: LHB Royce Foster 0-0: Foul Ball, location: 2F
0-1: Fly out, F8 (Flyball, 78M, EV 78.1 MPH)
Batting: RHB Rafael Carballar 0-0: Foul Ball, location: 2F
0-1: Fly out, F8 (Flyball, 8LM, EV 85.0 MPH)
Batting: SHB Jim Santos 0-0: Ground out 6-3 (Groundball, 56S, EV 63.1 MPH)
Bottom of the 8th over - 0 runs, 0 hits, 0 errors, 0 left on base; Ballard 3 - Ogallala 2
TOP OF THE 9TH
Ballard Beavers batting - Pitching for Ogallala Octopi : RHP Yoshinori Nakada
Batting: RHB Carlos Rasgado 0-0: Ball
1-0: Foul Ball, location: 2F
1-1: Ball
2-1: Foul Ball, location: 2F
2-2: Fly out, F8 (Flyball, 89M, EV 86.9 MPH)
Batting: RHB Toshinobu Inoue 0-0: Called Strike
0-1: Ball
1-1: Ball
2-1: Swinging Strike
2-2: Strikes out swinging
Batting: RHB Won-sub Ha 0-0: Called Strike
0-1: Called Strike
0-2: Ball
1-2: Ball
2-2: SINGLE (Groundball, 6MD, EV 95.6 MPH)
Pitching: LHP Rafael Gallegos
Batting: LHB Stanley Bell 0-0: Ball
1-0: Ball
2-0: DOUBLE (Line Drive, 89D, EV 110.6 MPH)
Won-sub Ha to third
Batting: RHB Tuputahi Cani 0-0: Called Strike
0-1: Swinging Strike
0-2: Strikes out looking
Top of the 9th over - 0 runs, 2 hits, 0 errors, 2 left on base; Ballard 3 - Ogallala 2
BOTTOM OF THE 9TH
Ogallala Octopi batting - Pitching for Ballard Beavers : LHP Mario Herrera
Pinch Hitting: RHB Juan Capmany 0-0: Ball
1-0: Called Strike
1-1: Ball
2-1: Foul Ball, location: 2F
2-2: Foul Ball, location: 2F
2-2: SINGLE (Groundball, 2R, EV 73.1 MPH) (infield hit)
Pitching: LHP Bob Payne
Batting: RHB Michael Jones 0-0: Sac Bunt to 3S - play at first, batter OUT! 3-4
Juan Capmany to second
Pinch Hitting: RHB Jaime Montés 0-0: Called Strike
0-1: Ground out 6-3 (Groundball, 56, EV 82.5 MPH)
Batting: RHB Try Fryfogle 0-0: Ball
1-0: Ball
Wild Pitch!
Juan Capmany to third
2-0: Called Strike
2-1: Ball
3-1: SINGLE (Groundball, 56D, EV 106.2 MPH)
Juan Capmany scores
Batting: RHB Paul Sanders 0-0: Fly out, F7 (Flyball, 7, EV 83.8 MPH)
Bottom of the 9th over - 1 run, 2 hits, 0 errors, 1 left on base; Ballard 3 - Ogallala 3
TOP OF THE 10TH
Ballard Beavers batting - Pitching for Ogallala Octopi : LHP Rafael Gallegos
Now at 2B: Juan Capmany
Now in CF: Jaime Montés
Batting: RHB Phil Underwood 0-0: Ball
1-0: Fly out, F7 (Flyball, 78D, EV 84.4 MPH)
Batting: RHB Clarence Price 0-0: Called Strike
0-1: Foul Ball, location: 2F
0-2: Ball
1-2: Foul Ball, location: 2F
1-2: Ball
2-2: Fly out, F9 (Flyball, 9D, EV 76.2 MPH)
Batting: RHB José Sánchez 0-0: Ball
1-0: Swinging Strike
1-1: Called Strike
1-2: Ball
2-2: Ball
3-2: Strikes out swinging
Top of the 10th over - 0 runs, 0 hits, 0 errors, 0 left on base; Ballard 3 - Ogallala 3
BOTTOM OF THE 10TH
Ogallala Octopi batting - Pitching for Ballard Beavers : LHP Bob Payne
Batting: RHB León Galiano 0-0: Called Strike
0-1: Called Strike
0-2: Ball
1-2: Foul Ball, location: 2F
1-2: Foul Ball, location: 2F
1-2: Ball
2-2: Strikes out swinging
Batting: LHB Royce Foster 0-0: Ball
1-0: Foul Ball, location: 2F
1-1: Foul Ball, location: 2F
1-2: Strikes out looking
Batting: RHB Rafael Carballar 0-0: Called Strike
0-1: SINGLE (Groundball, 6, EV 106.9 MPH) (infield hit)
Pinch Hitting: RHB Tso-i Joo 0-0: Ball
Rafael Carballar is caught stealing 2nd base 2-4
Bottom of the 10th over - 0 runs, 1 hit, 0 errors, 0 left on base; Ballard 3 - Ogallala 3
TOP OF THE 11TH
Ballard Beavers batting - Pitching for Ogallala Octopi : LHP Rafael Gallegos
Now at C: Tso-i Joo
Batting: SHB Joe Huff 0-0: Swinging Strike
0-1: Foul Ball, location: 2F
0-2: Foul Ball, location: 2F
0-2: Ball
1-2: Ball
2-2: Strikes out swinging
Batting: RHB Carlos Rasgado 0-0: Called Strike
0-1: Foul Ball, location: 2F
0-2: Strikes out looking
Batting: RHB Toshinobu Inoue 0-0: SINGLE (Groundball, 56D, EV 106.9 MPH)
Batting: RHB Won-sub Ha 0-0: Foul Ball, location: 2F
0-1: Ball
1-1: Called Strike
Toshinobu Inoue is caught stealing 2nd base 2-4
Top of the 11th over - 0 runs, 1 hit, 0 errors, 0 left on base; Ballard 3 - Ogallala 3
BOTTOM OF THE 11TH
Ogallala Octopi batting - Pitching for Ballard Beavers : LHP Bob Payne
Batting: RHB Tso-i Joo 0-0: Fly out, F5 (Popup, 56, EV 58.1 MPH)
Batting: RHB Juan Capmany 0-0: Ball
1-0: Ball
2-0: Called Strike
2-1: Ball
3-1: Foul Ball, location: 2F
3-2: Foul Ball, location: 2F
3-2: Strikes out looking
Batting: RHB Michael Jones 0-0: Called Strike
0-1: Fly out, F8 (Flyball, 8RM, EV 90.0 MPH)
Bottom of the 11th over - 0 runs, 0 hits, 0 errors, 0 left on base; Ballard 3 - Ogallala 3
TOP OF THE 12TH
Ballard Beavers batting - Pitching for Ogallala Octopi : LHP Rafael Gallegos
Batting: RHB Won-sub Ha 0-0: Ball
1-0: Called Strike
1-1: Foul Ball, location: 2F
1-2: SINGLE (Line Drive, 8LS, EV 92.5 MPH)
Batting: LHB Stanley Bell 0-0: Ball
1-0: Foul Ball, location: 2F
1-1: Ball
2-1: Ball
3-1: Base on Balls
Won-sub Ha to second
Pinch Runner at 2nd Jai-guo Ruan:
Batting: RHB Tuputahi Cani 0-0: Ball
1-0: Called Strike
1-1: Swinging Strike
1-2: Fly out, F8 (Flyball, 78S, EV 73.8 MPH)
Batting: RHB Phil Underwood 0-0: Called Strike
0-1: Fly out, F7 (Flyball, 7, EV 95.6 MPH)
Batting: RHB Clarence Price 0-0: Called Strike
0-1: Foul Ball, location: 2F
0-2: Ball
1-2: Foul Ball, location: 2F
1-2: Ball
2-2: Ball
3-2: Foul Ball, location: 2F
3-2: Ground out 1-3 (Groundball, 23, EV 86.9 MPH)
Top of the 12th over - 0 runs, 1 hit, 0 errors, 2 left on base; Ballard 3 - Ogallala 3
BOTTOM OF THE 12TH
Ogallala Octopi batting - Pitching for Ballard Beavers : LHP Bob Payne
Batting: RHB Jaime Montés 0-0: Ground out 6-3 (Groundball, 6, EV 89.4 MPH)
Batting: RHB Try Fryfogle 0-0: SINGLE (Line Drive, 4D, EV 97.5 MPH)
Batting: RHB Paul Sanders 0-0: Ball
1-0: SINGLE (Groundball, 56D, EV 101.9 MPH)
Try Fryfogle to second
Batting: RHB León Galiano 0-0: Foul Ball, location: 2F
0-1: Ball
1-1: Ball
2-1: Ball
3-1: Base on Balls
Try Fryfogle to third
Paul Sanders to second
Batting: LHB Royce Foster 0-0: Grounds into fielders choice 1-2 (Groundball, 13S, EV 67.5 MPH)
Paul Sanders to third
León Galiano to second
Batting: RHB Rafael Carballar 0-0: Called Strike
0-1: SINGLE (Groundball, 6D, EV 95.6 MPH)
Paul Sanders scores
Friday, April 17th, 2020 - OOTP Baseball 20.8 Build 74